 Dungeon Crawl Stone Soup version 0.21-a0-552-g593960d (webtiles) character file.

72 Monsterracer the Chiller (level 4, -2/33 HPs)
             Began as a Draconian Ice Elementalist on Dec 17, 2017.
             Slain by Crazy Yiuf
             ... wielding a +4 quarterstaff of chaos
              (16 damage)
             ... on level 2 of the Dungeon.
             The game lasted 00:03:13 (2136 turns).

Monsterracer the Chiller (DrIE)                     Turns: 2136, Time: 00:03:14

Health: -2/33      AC: 10    Str: 10    XL:     4   Next: 7%
Magic:  2/8        EV: 12    Int: 16    God:
Gold:   82         SH:  0    Dex: 12    Spells: 4/8 levels left

rFire    . . .     SeeInvis .   c - +0 dagger
rCold    . . .     Gourm    .   (no shield)
rNeg     . . .     Faith    .   (armour unavailable)
rPois    .         Spirit   .   (helmet restricted)
rElec    .         Reflect  .   (no cloak)
rCorr    .         Harm     .   (no gloves)
MR       .....                  (no boots)
Stlth    ++........             (no amulet)
HPRegen  0.11/turn              (no ring)
MPRegen  0.11/turn              (no ring)

@: icy armour (expiring), slow
A: unfitting armour, cold-blooded, AC +5
a: no special abilities


You were on level 2 of the Dungeon.
You were hungry.

You visited 1 branch of the dungeon, and saw 2 of its levels.

You collected 82 gold pieces.

Inventory:

Hand Weapons
 c - a +0 dagger (weapon)
Scrolls
 d - 2 scrolls of identify {unknown}
 f - a scroll of fear {unknown}
 j - a scroll of fog {unknown}
Potions
 e - a potion of might {unknown}
 g - 2 potions of curing {unknown}
 i - a potion of invisibility {unknown}
 k - a potion of lignification {unknown}
 l - a potion of agility {unknown}
 m - a potion of berserk rage {unknown}
Books
 a - a book of Frost

   Spells                             Type                      Level
   a - Freeze                         Ice                          1
   b - Throw Frost                    Conjuration/Ice              2
   c - Ozocubu's Armour               Charms/Ice                   3
   d - Throw Icicle                   Conjuration/Ice              4
   e - Summon Ice Beast               Ice/Summoning                4
Comestibles
 b - a bread ration
 h - a meat ration


   Skills:
 - Level 1.7 Dodging
 - Level 1.7 Stealth
 + Level 2.7 Spellcasting
   Level 1.0 Conjurations
 + Level 0.6 Charms
 * Level 4.3 Ice Magic


You had 4 spell levels left.
You knew the following spells:

 Your Spells              Type           Power        Failure   Level  Hunger
a - Freeze                Ice            ###.         3%          1    #......
c - Ozocubu's Armour      Chrm/Ice       ##......     21%         3    ###....


Dungeon Overview and Level Annotations

Branches:
Dungeon (2/15)

Altars:

Annotations:
D:2 Crazy Yiuf


Innate Abilities, Weirdness & Mutations

Your plain brown scales are hard. (AC +5)
You cannot fit into any form of body armour.
You are cold-blooded and may be slowed by cold attacks.


Message History

Casting: Freeze
Confirm with . or Enter, or press ? or * to list all spells.
Aiming: Freeze
Press: ? - help, Shift-Dir - straight line, f - jackal
Aim: a jackal You freeze the jackal.
You kill the jackal!
You now have 2/8 mp.
Casting: Freeze
Confirm with . or Enter, or press ? or * to list all spells.
Aiming: Freeze
Press: ? - help, Shift-Dir - straight line, f - jackal
Aim: a jackal You freeze the jackal.
You kill the jackal!
The jackal closely misses you.
You now have 1/8 mp.
Casting: Freeze
Confirm with . or Enter, or press ? or * to list all spells.
Aiming: Freeze
Press: ? - help, Shift-Dir - straight line, f - jackal
Aim: a jackal You freeze the jackal.
You kill the jackal!
You now have 0/8 mp.
Casting: Freeze
Confirm with . or Enter, or press ? or * to list all spells.
You don't have enough magic to cast that spell.
Unknown command.
You see here a jackal corpse.
You butcher the jackal corpse.
n - 3 chunks of flesh Eating one of 3 chunks of flesh.
You eat one of the 3 chunks of flesh.
This raw flesh tastes terrible.
Your icy armour starts to melt.
Your icy armour evaporates.
There is an open door here.
Found a stone staircase leading up.
MP restored: 8 You now have 82 gold pieces (gained 5).
There is an open door here.
There is an escape hatch in the ceiling here.
There is an escape hatch in the floor here.
All of the chunks of flesh in your inventory have rotted away.
You enter a teleport trap!
The teleport trap disappears.
Your surroundings suddenly seem different.
Found a runed door.
Partly explored, unopened runed door.
Casting: Freeze
Confirm with . or Enter, or press ? or * to list all spells.
A film of ice covers your body!
You now have 5/8 mp.
You start resting.
You are feeling hungry.
As you open the door, it creaks loudly!
Crazy Yiuf the Enlightened comes into view.
He is wielding a quarterstaff of chaos.
Crazy Yiuf shouts!
Found a mace.
Crazy Yiuf drinks a potion.
Crazy Yiuf suddenly seems more resistant.
There is an open door here.
Casting: Ozocubu's Armour
Confirm with . or Enter, or press ? or * to list all spells.
You can't see any susceptible monsters within range! (Use Z to cast anyway.)
Casting: Ozocubu's Armour
Confirm with . or Enter, or press ? or * to list all spells.
Aiming: Freeze
Press: ? - help, Shift-Dir - straight line, f - Crazy Yiuf
Aim: Crazy Yiuf, wielding a quarterstaff of chaos and wearing a cloak (unusually resistant)
You freeze Crazy Yiuf.
Crazy Yiuf resists.
Crazy Yiuf is moderately wounded.
Crazy Yiuf hits you with a quarterstaff of chaos.
Crazy Yiuf burns you. The heat melts your icy armour.
You take 5 damage, and have 28/33 hp.
You now have 6/8 mp.
Casting: Freeze
Confirm with . or Enter, or press ? or * to list all spells.
Aiming: Freeze
Press: ? - help, Shift-Dir - straight line, f/p - Crazy Yiuf
Aim: Crazy Yiuf, wielding a quarterstaff of chaos and wearing a cloak (moderately wounded, unusually resistant)
You freeze Crazy Yiuf.
Crazy Yiuf completely resists.
Crazy Yiuf is moderately wounded.
Crazy Yiuf hits you with a quarterstaff of chaos!
You feel your power leaking away.
You take 8 damage, and have 20/33 hp.
MASSIVE DAMAGE!!
You now have 0/8 mp.
Casting: Freeze
Confirm with . or Enter, or press ? or * to list all spells.
You don't have enough magic to cast that spell.
Crazy Yiuf screams, "Whippet!"
Crazy Yiuf hits you with a quarterstaff of chaos.
* * * LOW HITPOINT WARNING * * *
Crazy Yiuf burns you.
* * * LOW HITPOINT WARNING * * *
The heat melts your icy armour.
You take 8 damage, and have 13/33 hp.
MASSIVE DAMAGE!!
Crazy Yiuf whimpers, "Rot verde Xom!"
Crazy Yiuf whimpers, "Lugonu!"
Your icy armour starts to melt.
Crazy Yiuf hits you but does no damage. Space warps horribly around you!
You die...

#####
#####...##
#........##
#g####....#
#@# #....#
##.# ♣....♣
##### #..#
♣♣...♣ ....#
####..#
♣♣.♣♣ ######
....#
#.....# ♣♣.♣
#..... ....#
######.....#
♣.♣♣ #.....
....#
#..........#
♣♣.♣ #.....
....#
#.#######..#
♣.♣♣ #.....
....# #.#
#..# #'#
######


You could see Crazy Yiuf.

Vanquished Creatures
  2 adders (D:2)
  A worm (D:2)
  2 dart slugs (D:1)
  4 leopard geckos
  A ball python (D:1)
  8 bats
  2 giant cockroaches (D:1)
  3 hobgoblins
  4 jackals (D:2)
  A quokka (D:2)
  3 frilled lizards
  4 kobolds
  8 rats
43 creatures vanquished.

Notes
Turn   | Place    | Note
-------+----------+-------------------------------------------
     0 | D:1      | Monsterracer the Draconian Ice Elementalist began the quest for the Orb.
     0 | D:1      | Reached XP level 1. HP: 14/14 MP: 3/3
   191 | D:1      | Reached XP level 2. HP: 13/20 MP: 0/5
  1000 | D:1      | Reached XP level 3. HP: 26/26 MP: 6/6
  1005 | D:1      | Learned a level 3 spell: Ozocubu's Armour
  1103 | D:2      | Reached skill level 4 in Ice Magic
  1837 | D:2      | Reached XP level 4. HP: 33/33 MP: 3/8
  2097 | D:2      | Found a runed door.
  2117 | D:2      | Noticed Crazy Yiuf
  2129 | D:2      | HP: 15/33 [Crazy Yiuf/quarterstaff of chaos (6)]
  2136 | D:2      | Slain by Crazy Yiuf

Vault maps used:
D:1:      dpeg_arrival_tiny_d
D:2:      uniq_crazy_yiuf_cottage

Skill      XL: |  1  2  3 |
---------------+----------+-----
Ice Magic      | 4 |  4.3
Dodging        | |  1.7
Stealth        | |  1.7
Spellcasting   | |  2.7
Conjurations   | |  1.0
Charms         | |  0.6

Action                   |  1- 3 |  4- 6 || total
-------------------------+-------+-------++-------
Melee: Dagger            |    83 |       ||    83
       Tailslap          |     9 |       ||     9
 Cast: Freeze            |    45 |     5 ||    50
       Ozocubu's Armour  |     1 |     1 ||     2
 Stab: Sleeping          |     3 |       ||     3
  Eat: Chunk             |     3 |     1 ||     4
Armor: Skin              |    49 |     1 ||    50
Dodge: Dodged            |    92 |     1 ||    93

Table legend:
 A = Spawn XP
 B = Non-spawn XP
 C = Spawn XP percentage of total XP
 D = Spawn monster count
 E = Non-spawn monster count
 F = Spawn count percentage of total count
 G = Total turns spent on level
                    A         B        C        D         E        F      G
               +---------+---------+-------+---------+---------+-------+---------
         Total |       0 |     104 |   0.0 |       0 |      43 |   0.0 |  2136
               +---------+---------+-------+---------+---------+-------+---------
           D:1 |       0 |      41 |   0.0 |       0 |      21 |   0.0 |  1057
           D:2 |       0 |      63 |   0.0 |       0 |      22 |   0.0 |  1079
               +---------+---------+-------+---------+---------+-------+---------

Vault maps used:
D:1:      dpeg_arrival_tiny_d
D:2:      uniq_crazy_yiuf_cottage
